Build Order

Get SALT Encoding   

  14  0:29  Overlord  Within a couple of seconds of making those 3 drones on the first ovie's completion is the perfect time to send a drone down to take the natural
  17  0:54  Hatchery  
  18  1:21  Hatchery  
  17  1:35  Spawning Pool  Drone to 24 of 28 supply and pause droning for a moment until pool completes
  24  1:36  Queen  
  24  1:37  Queen  
  28  1:38  Extractor  
  28  2:40  Roach Warren  3rd hatch completes now, so more supply frees up for 3rd queen.
Spawning Tool Build Advisor. Get it on Overwolf

Go to:

Details

  • Created by: sithon512
  • Published on: Feb 26, 2016
  • Modified on: Feb 26, 2016
  • Patch: Pre-3.8.0
Show
View Real Time Build Order
Export as new Build Order

Comments (4)

On April 24, 2016, 9:50 a.m., Reipunzel  said:

If you can hit you Queen injects near perfect and not get supply blocked, if you sat. your three bases with all 6 gasses. You can easily get a 200 supply cap around 830-900 minutes.
I do something like this
14-overloord
17-hatch
18-first gas (put three on)
18-spawnpool
When you get your pool done make three queens (two from main, one in nat)
@100 gas get meta boost and go to one drone on thatg gas.
@max sat on the two bases make two more gases and 3/3 them aswell as make a roach warren. You should also make another queen in the nat and tech lair in main.
When you roach warren completes you should have decent amount of resources to make a couple roaches for defence (U SHOULD'VE MADE 2 LINGS FOR SCT) and double evo with armour and missle +1
at this point you should also sat. your third and have another 3 gasses for max sat on all three bases.
And like I said you can easily get 200 supply cap with three bases sat, and just pump a shit ton of roach/ravangers out before 9 mins.

On Feb. 29, 2016, 5:23 a.m., sithon512  said:

Unfortunately, I cannot. I copied this build from someone else on this sight and merely saved it in order to keep track of it. I haven't even used it yet. If you want the original, that is here: http://lotv.spawningtool.com/build/6828/

On Feb. 29, 2016, 5:23 a.m., sithon512  said:

Unfortunately, I cannot. I copied this build from someone else on this sight and merely saved it in order to keep track of it. I haven't even used it yet. If you want the original, that is here: http://lotv.spawningtool.com/build/6828/

On Feb. 28, 2016, 11:16 p.m., StoicLoofah  said:

Thanks for sharing this build, though can you provide a bit more detail as to how many Roaches to attack with, what time, and what it works well and not so well against?

Create an account to comment!